Map: Ruins of Seras

Players

ShoWTimE

  • Race: Protoss Protoss

AcerBly (Bly) - Winner!

  • Race: Zerg Zerg

Event: DreamHack ROCCAT LotV Championship

VOD

Have the link to the VOD?

Description

Time

  • Played on: Nov. 26, 2015, 6:06 a.m.
  • Length: 14:01

All games in this series

Show
View Real Time Build Order
Export as new Build Order

ShoWTimE Protoss 

Build Orders: 1 Gate Expand 

Get SALT Encoding   

  12  0:01  Probe (Chrono Boost)  
  13  0:11  Probe (Chrono Boost)  
  14  0:18  Pylon  
  14  0:23  Probe (Chrono Boost)  
  15  0:36  Probe (Chrono Boost)  
  15  0:39  Gateway  
  16  0:47  Probe (Chrono Boost)  
  17  0:50  Assimilator  
  17  0:57  Probe (Chrono Boost)  
  18  1:08  Probe (Chrono Boost)  
  19  1:26  Nexus  
  19  1:37  Cybernetics Core  
  19  1:41  Probe (Chrono Boost)  
  20  1:51  Probe (Chrono Boost), Pylon  
  21  1:56  Assimilator  
  21  2:02  Probe (Chrono Boost)  
  22  2:13  Mothership Core (Chrono Boost)  
  22  2:14  Adept  
  26  2:26  Warp Gate  
  26  2:31  Probe (Chrono Boost)  
  26  2:32  Pylon  
  27  2:39  Probe (Chrono Boost)  
  27  2:42  Probe (Chrono Boost)  
  29  2:50  Probe (Chrono Boost)  
  30  2:53  Probe (Chrono Boost)  
  31  3:00  Probe (Chrono Boost), Robotics Facility  
  31  3:05  Probe (Chrono Boost)  
  33  3:11  Probe (Chrono Boost)  
  33  3:12  Adept  
  36  3:15  Probe (Chrono Boost)  
  36  3:21  Probe (Chrono Boost)  
  36  3:26  Probe (Chrono Boost)  
  38  3:32  Probe (Chrono Boost)  
  39  3:36  Probe (Chrono Boost)  
  40  3:41  Gateway  
  40  3:42  Probe (Chrono Boost)  
  40  3:43  Gateway  
  40  3:47  Probe (Chrono Boost)  
  42  3:53  Probe (Chrono Boost)  
  43  3:55  Robotics Bay  
  43  3:57  Probe (Chrono Boost)  
  43  4:00  Observer (Chrono Boost)  
  43  4:02  Probe  
  45  4:06  Assimilator  
  45  4:09  Probe, Assimilator  
  47  4:12  Probe  
  47  4:13  Pylon  
  48  4:21  Warp Prism (Chrono Boost)  
  48  4:23  Probe x2  
  52  4:35  Probe  
  52  4:37  Forge  
  52  4:38  Probe  
  54  4:47  Twilight Council  
  54  4:48  Sentry, Probe  
  54  4:50  Probe  
  54  4:51  Gravitic Drive  
  54  4:52  Disruptor (Chrono Boost)  
  61  5:00  Probe  
  61  5:01  Pylon  
  62  5:07  Pylon  
  62  5:12  Protoss Ground Weapons Level 1  
  62  5:17  Probe  
  62  5:19  Stalker, Probe  
  66  5:23  Disruptor (Chrono Boost)  
  69  5:30  Nexus  
  69  5:38  Stargate  
  69  5:40  Probe  
  69  5:41  Probe  
  71  5:43  Stargate  
  71  5:48  Pylon  
  71  5:50  Probe, Pylon  
  71  5:53  Probe  
  73  5:57  Blink (Chrono Boost)  
  73  6:01  Probe  
  73  6:02  Pylon  
  74  6:05  Probe  
  74  6:09  Adept x2  
  79  6:11  Probe  
  79  6:17  Probe  
  81  6:22  Immortal (Chrono Boost)  
  81  6:24  Probe  
  86  6:26  Phoenix (Chrono Boost)  
  86  6:29  Probe  
  86  6:31  Phoenix (Chrono Boost)  
  91  6:34  Probe  
  91  6:36  Adept  
  94  6:41  Probe  
  94  6:44  Photon Cannon  
  95  6:49  Phoenix (Chrono Boost)  
  95  6:52  Probe, Phoenix (Chrono Boost)  
  100  7:06  Stalker x3  
  106  7:11  Probe  
  99  7:18  Disruptor (Chrono Boost)  
  99  7:19  Assimilator  
  99  7:20  Assimilator  
  104  7:25  Probe  
  101  7:32  Adept x3  
  101  7:33  Protoss Ground Weapons Level 2  
  105  7:37  Probe  
  105  7:39  Robotics Facility  
  106  7:44  Pylon  
  106  7:46  Pylon  
  106  7:49  Probe  
  106  7:51  Gateway x2  
  107  7:56  Pylon  
  107  7:58  Disruptor (Chrono Boost), Pylon  
  110  8:05  Zealot x3  
  116  8:07  Photon Cannon  
  110  8:22  Probe x3  
  107  8:29  Stalker  
  107  8:30  Stalker x2  
  107  8:31  Disruptor (Chrono Boost)  
  112  8:34  Probe x3  
  116  8:46  Probe x3, Disruptor (Chrono Boost)  
  119  8:48  Photon Cannon  
  119  8:53  Stalker x4  
  127  8:58  Probe x3  
  131  9:02  Observer (Chrono Boost)  
  131  9:09  Pylon  
  131  9:10  Probe  
  131  9:13  Nexus  
  131  9:15  Stalker  
  131  9:16  Stalker x2, Pylon  
  138  9:27  Pylon  
  138  9:30  Stalker x2  
  142  9:44  Stalker x3, Photon Cannon  
  147  9:54  Stalker x2  
  147  9:59  Mothership Core (Chrono Boost)  
  144  10:08  Gateway  
  144  10:09  Gateway  
  144  10:12  Probe (Chrono Boost)  
  144  10:13  Probe (Chrono Boost)  
  140  10:18  Probe (Chrono Boost)  
  140  10:19  Photon Cannon  
  141  10:21  Stalker x3  
  141  10:24  Probe (Chrono Boost)  
  141  10:25  Probe x2 (Chrono Boost)  
  141  10:28  Immortal, Probe (Chrono Boost)  
  155  10:35  Probe (Chrono Boost)  
  158  10:37  Probe x2 (Chrono Boost)  
  158  10:38  Immortal (Chrono Boost)  
  160  10:46  Stalker  
  138  10:51  Stalker x2  
  132  11:05  Probe (Chrono Boost)  
  132  11:06  Disruptor (Chrono Boost)  
  136  11:14  Disruptor (Chrono Boost)  
  136  11:16  Void Ray x2  
  147  11:26  Templar Archives, Mothership Core (Chrono Boost)  
  149  11:37  Probe x2 (Chrono Boost)  
  151  11:45  Nexus  
  151  11:46  Pylon  
  151  11:50  Warp Prism  
  153  12:06  Stalker x2, Immortal  
  131  12:25  Nexus  
  131  12:31  High Templar x3  
  131  12:32  High Templar x3  
  131  12:36  Archon  
  131  12:37  Archon  
  143  12:38  Archon  
  143  12:49  Colossus  
  149  12:56  Probe (Chrono Boost)  
  149  12:58  Probe (Chrono Boost)  
  151  13:02  High Templar  
  151  13:04  High Templar  
  155  13:09  Archon  
  155  13:11  Zealot  
  157  13:20  Zealot x2  
  98  13:45  Stalker x2  
Show
View Real Time Build Order
Export as new Build Order

AcerBly Zerg - Winner!

Build Orders: Hatch First, Lurkers 

Get SALT Encoding   

  12  0:00  Drone  
  13  0:12  Overlord  
  13  0:20  Drone  
  14  0:31  Drone x2  
  14  0:35  Drone  
  17  0:54  Hatchery  
  16  1:04  Drone  
  17  1:12  Spawning Pool  
  17  1:13  Drone  
  17  1:18  Drone  
  18  1:21  Drone  
  19  1:36  Overlord  
  19  1:50  Hatchery  
  18  2:01  Zergling x6  
  21  2:06  Queen  
  23  2:09  Drone  
  23  2:12  Drone  
  25  2:22  Drone  
  26  2:26  Queen  
  26  2:29  Drone  
  29  2:31  Drone  
  29  2:36  Overlord  
  30  2:38  Drone  
  31  2:45  Drone  
  31  2:48  Queen  
  34  2:59  Drone x2  
  34  3:02  Extractor x2  
  34  3:05  Drone  
  34  3:06  Drone x2  
  34  3:11  Drone  
  38  3:16  Drone  
  38  3:17  Drone x3  
  38  3:19  Queen  
  42  3:25  Drone x2  
  46  3:29  Overlord  
  46  3:32  Drone  
  47  3:35  Overlord  
  47  3:38  Drone  
  48  3:42  Drone x2  
  48  3:47  Drone x3  
  53  3:52  Drone  
  53  3:55  Drone x2  
  53  3:58  Lair  
  53  4:02  Drone x3  
  57  4:07  Overlord  
  57  4:08  Drone  
  58  4:11  Metabolic Boost  
  58  4:12  Extractor  
  57  4:20  Drone x3  
  57  4:21  Drone  
  57  4:24  Drone x2  
  63  4:27  Roach Warren  
  63  4:28  Extractor  
  61  4:33  Spore Crawler, Zergling x8  
  61  4:37  Zergling x6  
  67  4:45  Drone  
  68  4:47  Overlord  
  67  5:00  Hydralisk Den  
  67  5:01  Overlord x2  
  67  5:04  Drone x2  
  68  5:10  Drone x5  
  68  5:12  Drone x2  
  68  5:13  Spire  
  74  5:31  Extractor  
  74  5:32  Extractor  
  72  5:37  Lurker Den  
  72  5:39  Overlord  
  72  5:44  Zergling x6  
  72  5:45  Hydralisk x2, Zergling x2  
  72  5:46  Hatchery  
  72  5:49  Hatchery  
  78  5:50  Overlord  
  78  5:56  Overlord  
  78  6:03  Hydralisk x6  
  82  6:10  Drone x4  
  94  6:13  Overlord  
  94  6:17  Drone x2  
  94  6:18  Drone x2  
  98  6:21  Overlord  
  98  6:24  Drone x2  
  98  6:25  Overlord  
  100  6:29  Overseer  
  100  6:33  Mutalisk x2  
  100  6:37  Mutalisk x2  
  108  6:47  Mutalisk x3  
  114  7:06  Extractor  
  113  7:09  Corruptor  
  113  7:10  Corruptor x2, Extractor  
  113  7:14  Drone x11  
  113  7:15  Drone, Infestation Pit  
  129  7:21  Overlord  
  127  7:39  Muscular Augments  
  127  7:42  Corruptor, Overseer  
  127  7:43  Corruptor  
  131  7:47  Zergling x14  
  131  7:50  Lurker x2  
  140  7:53  Evolution Chamber x2  
  138  8:01  Drone  
  138  8:02  Drone x7  
  138  8:03  Drone x2  
  148  8:07  Lurker  
  148  8:08  Overlord x2  
  148  8:10  Hive  
  148  8:19  Extractor  
  145  8:20  Extractor  
  142  8:39  Mutalisk  
  142  8:40  Mutalisk x6  
  156  8:45  Zerg Melee Weapons Level 1  
  156  8:46  Zergling x2  
  156  8:47  Zergling x18  
  166  8:48  Overlord  
  166  8:55  Overlord  
  166  8:56  Overlord x2, Overseer x2  
  166  9:09  Zerg Flyer Weapons Level 1, Zerg Ground Armor Level 1  
  166  9:11  Lurker x2  
  166  9:14  Zergling x2  
  166  9:15  Zergling x30  
  183  9:24  Ultralisk Cavern  
  183  9:28  Lurker  
  183  9:29  Lurker x2  
  184  9:51  Spore Crawler  
  183  10:01  Overlord x2  
  175  10:13  Chitinous Plating  
  163  10:15  Ultralisk x4  
  163  10:16  Ultralisk  
  163  10:17  Overlord  
  163  10:19  Overlord  
  189  10:24  Spine Crawler  
  189  10:25  Spine Crawler  
  187  10:30  Viper x2  
  193  10:38  Spine Crawler  
  193  10:39  Spine Crawler  
  179  11:06  Zerg Ground Armor Level 2, Zerg Melee Weapons Level 2  
  179  11:08  Adrenal Glands  
  179  11:10  Greater Spire  
  179  11:13  Drone x3  
  182  11:18  Spore Crawler  
  182  11:19  Overseer x2  
  182  11:20  Pneumatized Carapace  
  181  11:36  Hydralisk x9  
  198  11:46  Hatchery  
  139  12:16  Ultralisk x4  
  139  12:17  Ultralisk x2  
  164  12:24  Queen x2  
  164  12:25  Queen  
  170  12:33  Zergling x12  
  176  12:39  Hydralisk x2  
  180  13:00  Infestor x2  

Tags
 
Add a new tag
Caveats
  • Supply blocks, unpowered buildings, or Contaminate may cause inaccurate times.
  • Supply counts are checked every 10 seconds.